 Dungeon Crawl Stone Soup version 0.23.2-1-ga50397a (webtiles) character file.

Game seed: 13969436175741337310

18958 Fang the Fighter (level 12, -14/80 HPs)
             Began as a Gargoyle Berserker on May 15, 2019.
             Was a High Priest of Trog.
             Demolished by a minotaur
             ... wielding a +1 antimagic morningstar
              (18 damage)
             ... in a Gauntlet on May 16, 2019.
             The game lasted 00:22:16 (11825 turns).

Fang the Fighter (Gargoyle Berserker)              Turns: 11825, Time: 00:22:17

Health: -14/80     AC: 25    Str: 25    XL:     12   Next: 64%
Magic:  0/12       EV: 11    Int:  9    God:    Trog [*****.]
Gold:   855        SH:  0    Dex:  9    Spells: 11/11 levels left

rFire    . . .     SeeInvis +   r - +14 obsidian axe {chop, +Fly SInv *Curse} (curse)
rCold    . . .     Gourm    .   (no shield)
rNeg     + + .     Faith    .   b - +0 plate armour
rPois    ∞         Spirit   .   E - +0 helmet {SInv}
rElec    +         Reflect  .   (no cloak)
rCorr    .         Harm     .   (no gloves)
MR       .....     NoTele   +   (no boots)
Stlth    ..........             (no amulet)
HPRegen  0.23/turn              i - ring of positive energy
MPRegen  0.13/turn              v - ring of see invisible

@: berserk cooldown, mesmerised, slowed, very slow
A: negative energy resistance 1, electricity resistance, unbreathing,
petrification resistance, rot immunity, AC +8
a: Berserk, Trog's Hand, Brothers in Arms, Renounce Religion, Evoke Flight


You were in a Gauntlet.
You worshipped Trog.
Trog was extremely pleased with you.
You were hungry.

You visited 3 branches of the dungeon, and saw 14 of its levels.
You also visited: Gauntlet.

You collected 855 gold pieces.

Inventory:

Hand Weapons
 a - a +8 war axe
 l - a +1 hand axe of electrocution
 r - the cursed +14 obsidian axe (weapon) {chop, +Fly SInv *Curse}
   (You acquired it on level 10 of the Dungeon)

   It inflicts extra damage upon your enemies.
   It lets you see invisible.
   It lets you fly.
   It curses itself when equipped.
   It has a curse placed upon it.
 B - a +6 antimagic broad axe
Armour
 b - a +0 plate armour (worn)
 h - a +2 hat
 E - a +0 helmet of see invisible (worn)
Jewellery
 i - a ring of positive energy (left hand)
 v - a ring of see invisible (right hand)
 D - a cursed ring of teleportation {unknown}
Wands
 o - a wand of polymorph (4)
 s - a wand of paralysis (7)
 t - a wand of random effects (36)
 z - a wand of clouds (5)
Scrolls
 d - a scroll of magic mapping
 e - 7 scrolls of remove curse
 m - 5 scrolls of teleportation
 n - 2 scrolls of identify
 w - a scroll of summoning
 x - a scroll of fog
 y - a scroll of blinking {unknown}
 C - a scroll of enchant armour {unknown}
Potions
 f - 2 potions of heal wounds
 g - 2 potions of mutation
 j - a potion of flight
 k - 3 potions of agility
 p - 6 potions of curing
 q - a potion of might
 u - 2 potions of haste
Comestibles
 c - 26 rations


   Skills:
 + Level 11.6 Fighting
 + Level 9.9 Axes
 + Level 11.4 Armour
 + Level 8.9 Dodging


You had 11 spell levels left.
You didn't know any spells.
Your spell library was empty.

Dungeon Overview and Level Annotations

Branches:
Dungeon (12/15)            Temple (1/1) D:4            Lair (1/6) D:8
    Orc (0/2) D:9

Altars:
Fedhas
Gozag
Kikubaaqudgha
Makhleb
Nemelex Xobeh
Okawaru
Qazlal
Sif Muna
Wu Jian
Xom
Zin
The Shining One
Beogh

Shops:
D:5 ?   D:12 !

Annotations:
D:6 3 runed translucent doors, Keegan's ghost, novice TrMo Gauntlet 6 transporters


Innate Abilities, Weirdness & Mutations

You are resistant to torment.
Your stone body is resilient. (AC +8)
You are immune to poison.
You resist negative energy. (rN+)
You are resistant to electric shocks. (rElec)
You can survive without breathing.
You are immune to petrification.
You are immune to rotting.


Message History

You are too injured to fight recklessly!
You closely miss the minotaur.
The minotaur is almost dead.
The minotaur blocks your attack.
The minotaur is almost dead.
You are no longer berserk.
Trog's vigour flows through your veins.
You are exhausted.
You feel yourself slow down.
The minotaur hits you with a +1 antimagic morningstar.
* * * LOW HITPOINT WARNING * * *
The minotaur gores you.
* * * LOW HITPOINT WARNING * * *
You hit the minotaur but do no damage.
The minotaur is almost dead.
The minotaur completely misses you. The minotaur barely misses you.
You closely miss the minotaur.
The minotaur is almost dead.
The minotaur hits you with a +1 antimagic morningstar!!
You die...

#...##≈.#..##
########.8.#≈≈.#.#.÷
#..........##≈.#.#.)
##.##.###.8.###.#§.#©
#8..........##..#:.#.
#.....#.#.8.#...###..
########.#.#...#.∩.#...#
8:8:8.8#...#.©.#...#####
∩.....H@.###...#.8.....#
8[8)8.8#(..#.©.#...#####
########.#.#...#.∩.#2...
#.....#.#.8.#...#[.#.
#8..........##..#.###
##.##.###.8.###.#©.#©
#..........##≈.#$..#
########.8.#≈≈.#?...
..##≈.#....


You could see a minotaur.

Vanquished Creatures
  A hydra (D:9)
  3 death yaks (Gauntlet)
  A two-headed ogre (D:8)
  An unseen horror (D:10)
  A manticore (D:12)
  A necromancer (Gauntlet)
  An ugly thing (D:11)
  Maurice (D:10)
  Joseph (D:10)
  A troll (D:11)
  6 slime creatures (D:12)
  Sigmund (D:5)
  A wraith (D:11)
  3 wyverns
  7 yaks
  A soldier ant (D:9)
  An acid dragon (D:11)
  3 swamp worms (Gauntlet)
  2 water moccasins (D:11)
  A porcupine (Lair:1)
  2 ice beasts (D:7)
  3 eyes of draining
  5 orc warriors
  5 black bears
  A necrophage (D:10)
  2 phantoms
  A sky beast (D:6)
  8 ogres
  3 wolves (Gauntlet)
  7 centaurs
  3 crocodiles
  A big kobold (D:8)
  10 bullfrogs
  2 scorpions
  10 killer bees
  2 howler monkeys (D:11)
  8 crimson imps
  2 bullfrog zombies
  2 centaur zombies
  5 hounds
  8 orc priests
  2 bullfrog skeletons
  3 jellies
  3 centaur skeletons
  3 iguanas
  Ijyb (D:5)
  Terence (D:3)
  7 orc wizards
  7 worker ants
  A hound zombie (D:9)
  2 worker ant zombies
  A howler monkey skeleton (D:5)
  11 adders
  4 shadow imps
  An ooze (D:1)
  2 adder skeletons
  3 worms
  2 dart slugs
  5 leopard geckos
  31 orcs
  A giant cockroach (D:1)
  8 hobgoblins
  20 jackals
  3 quokkas
  3 ball pythons
  7 bats
  4 frilled lizards
  4 goblins
  9 kobolds
  A leopard gecko zombie (D:7)
  A quokka skeleton (D:5)
  10 rats
  A plant (Lair:1)
290 creatures vanquished.

Vanquished Creatures (collateral kills)
  A hydra (D:11)
  2 death yaks (Gauntlet)
  2 centaur zombies (D:12)
  A gargoyle (D:12)
  A komodo dragon (Lair:1)
  A rime drake (Lair:1)
  2 slime creatures (D:12)
  A hippogriff (D:12)
  5 yaks
  A hungry ghost (D:12)
  A water moccasin (D:12)
  2 orc warriors (D:12)
  A sky beast (D:11)
  A wyvern skeleton (D:11)
  A howler monkey (D:11)
  3 electric eels (Lair:1)
  An orc wizard (D:12)
  A shadow imp (D:12)
  5 orcs (D:12)
33 creatures vanquished.

Grand Total: 323 creatures vanquished

Notes
Turn   | Place    | Note
-------+----------+-------------------------------------------
     0 | D:1      | Fang the Gargoyle Berserker began the quest for the Orb.
     0 | D:1      | Reached XP level 1. HP: 14/14 MP: 1/1
   256 | D:1      | Reached XP level 2. HP: 19/19 MP: 2/2
   583 | D:1      | Reached XP level 3. HP: 22/23 MP: 3/3
   708 | D:2      | Noticed an ogre
   721 | D:2      | Killed an ogre
   721 | D:2      | Reached XP level 4. HP: 11/29 MP: 4/4
   745 | D:2      | Reached ** piety under Trog
   745 | D:2      | Reached XP level 5. HP: 11/33 MP: 5/5
  1201 | D:2      | Found a shimmering altar of Xom.
  1202 | D:2      | Found a burning altar of Makhleb.
  1413 | D:2      | Found a stormy altar of Qazlal.
  1604 | D:2      | Found an ancient bone altar of Kikubaaqudgha.
  1604 | D:2      | Found a blossoming altar of Fedhas.
  1611 | D:2      | Found a glowing golden altar of the Shining One.
  1638 | D:2      | Found a deep blue altar of Sif Muna.
  2183 | D:3      | Noticed Terence
  2187 | D:3      | Killed Terence
  2187 | D:3      | Reached XP level 6. HP: 39/39 MP: 6/6
  2822 | D:4      | Found a sparkling altar of Nemelex Xobeh.
  2876 | D:4      | Reached skill level 5 in Fighting
  2927 | D:4      | Reached XP level 7. HP: 44/44 MP: 7/7
  3112 | D:4      | Found a staircase to the Ecumenical Temple.
  3233 | Temple   | Entered the Ecumenical Temple
  3268 | D:5      | Entered Level 5 of the Dungeon
  3718 | D:5      | Noticed Sigmund
  3746 | D:5      | HP: 1/44 [Sigmund/+0 scythe (6)]
  3751 | D:5      | HP: 1/44 [something (1)]
  3759 | D:6      | HP: 3/66 [worker ant (3)]
  4213 | D:5      | Killed Sigmund
  4213 | D:5      | Reached skill level 5 in Armour
  4213 | D:5      | Reached XP level 8. HP: 51/51 MP: 8/8
  4281 | D:5      | Found Qumoit's Magic Scroll Shoppe.
  4548 | D:5      | Noticed Ijyb
  4565 | D:5      | Killed Ijyb
  4590 | D:5      | Found a glowing silver altar of Zin.
  4861 | D:6      | Reached skill level 5 in Axes
  5394 | D:6      | Found a runed translucent gate.
  5394 | D:6      | Noticed Keegan's ghost (novice TrMo)
  5412 | D:6      | Found a runed translucent gate.
  5412 | D:6      | Found a runed translucent gate.
  5418 | D:6      | Found a roughly hewn altar of Beogh.
  5756 | D:7      | Reached XP level 9. HP: 56/56 MP: 9/9
  5757 | D:7      | Reached *** piety under Trog
  5757 | D:7      | Reached skill level 5 in Dodging
  6015 | D:7      | Found an iron altar of Okawaru.
  6464 | D:8      | Noticed a two-headed ogre
  6476 | D:8      | Killed a two-headed ogre
  6476 | D:8      | Reached XP level 10. HP: 5/65 MP: 10/10
  6978 | D:8      | Reached **** piety under Trog
  7151 | D:8      | Found a staircase to the Lair.
  7282 | D:9      | Noticed an eight-headed hydra
  7297 | D:9      | Killed a 16-headed hydra
  8232 | D:9      | Found an ornate altar of the Wu Jian Council.
  8232 | D:9      | Found a staircase to the Orcish Mines.
  8232 | D:9      | Found an opulent altar of Gozag.
  8373 | D:10     | Entered Level 10 of the Dungeon
  8430 | D:10     | Killed an unseen horror
  8430 | D:10     | Reached XP level 11. HP: 65/71 MP: 8/11
  8464 | D:10     | Noticed Joseph
  8482 | D:10     | Killed Joseph
  8748 | D:10     | Identified a scroll of acquirement
  8749 | D:10     | Found the +14 obsidian axe {chop, +Fly SInv *Curse}
  8794 | D:10     | Noticed Maurice
  8802 | D:10     | Killed Maurice
  9277 | D:11     | Reached skill level 10 in Fighting
  9328 | D:11     | Noticed a four-headed hydra
  9333 | D:11     | Killed a five-headed hydra
  9536 | D:11     | Noticed a green ugly thing
  9543 | D:11     | Killed a green ugly thing
  9543 | D:11     | Reached skill level 10 in Armour
  9580 | D:11     | Reached ***** piety under Trog
 10105 | D:12     | Received a gift from Trog
 10260 | D:12     | Reached XP level 12. HP: 45/79 MP: 12/12
 10632 | D:12     | Found Gammo's Distillery.
 11157 | Lair:1   | Entered Level 1 of the Lair of Beasts
 11341 | Lair:1   | Found a gate leading to a gauntlet.
 11381 | Gauntlet | Entered a Gauntlet
 11381 | Gauntlet | Found a transporter.
 11381 | Gauntlet | Found a transporter.
 11389 | Gauntlet | Found a transporter.
 11393 | Gauntlet | Found a transporter.
 11403 | Gauntlet | Found a transporter.
 11407 | Gauntlet | Found a transporter.
 11419 | Gauntlet | Found a transporter.
 11419 | Gauntlet | Noticed a balrug
 11435 | Gauntlet | Noticed a death yak
 11435 | Gauntlet | Noticed a death yak
 11436 | Gauntlet | Found a transporter.
 11436 | Gauntlet | Noticed a death yak
 11437 | Gauntlet | Noticed a death yak
 11437 | Gauntlet | Noticed a death yak
 11456 | Gauntlet | Found a transporter.
 11457 | Gauntlet | Found a transporter.
 11465 | Gauntlet | Found a transporter.
 11469 | Gauntlet | Found a transporter.
 11569 | Gauntlet | Killed a death yak
 11572 | Gauntlet | Killed a death yak
 11572 | Gauntlet | Killed a death yak
 11574 | Gauntlet | Killed a death yak
 11578 | Gauntlet | Killed a death yak
 11581 | Gauntlet | HP: 3/80 [death yak simulacrum (37)]
 11806 | Gauntlet | Noticed a minotaur
 11823 | Gauntlet | HP: 3/80 [minotaur/+1 antimagic morningstar (2)]
 11825 | Gauntlet | Demolished by a minotaur

Skill      XL: |  1  2  3  4  5  6  7  8  9 10 11 12 |
---------------+-------------------------------------+-----
Axes           | 3 4 5 7 8 9 |  9.9
Dodging        | 2 3 4 6 7 8 |  8.9
Fighting       | 4 5 6 8 9 10 11 | 11.6
Armour         | 3 4 5 6 8 9 10 11 | 11.4

Action                   |  1- 3 |  4- 6 |  7- 9 | 10-12 || total
-------------------------+-------+-------+-------+-------++-------
Melee: Hand axe          |    72 |   180 |   163 |       ||   415
       War axe           |       |       |    77 |   168 ||   245
       Broad axe         |       |       |       |   199 ||   199
Invok: Berserk           |     1 |     1 |     5 |     5 ||    12
       Trog's Hand       |       |       |     1 |       ||     1
  Use: Scroll            |       |       |    21 |     6 ||    27
       Potion            |       |       |       |     3 ||     3
 Stab: Distracted        |       |       |       |     1 ||     1
  Eat: Chunk             |       |     9 |    12 |    22 ||    43
       Ration            |       |       |     1 |       ||     1
Armor: Animal skin       |    26 |    44 |       |       ||    70
       Plate armour      |       |    31 |   221 |   311 ||   563
       Skin              |       |     3 |       |       ||     3
Dodge: Dodged            |    59 |   134 |   127 |   209 ||   529
